 Dungeon Crawl Stone Soup version 0.31-a0-981-geadf994542 (webtiles) character file.

Game seed: 9263126248024682740

9751 sokol815 the Spear-Bearer (level 11, -2/78 HPs)
             Began as an Octopode Fighter on Nov 2, 2023.
             Was an Initiate of Gozag.
             Slain by a centaur
             ... wielding a +0 halberd
              (11 damage)
             ... in a bailey.
             The game lasted 00:19:15 (8774 turns).

sokol815 the Spear-Bearer (Octopode Fighter)        Turns: 8774, Time: 00:19:16

Health: -2/78      AC:  5    Str: 26    XL:     11   Next: 51%
Magic:  13/13      EV: 21    Int: 11    God:    Gozag
Gold:   1502       SH:  6    Dex: 17    Spells: 8/13 levels left

rFire   + . .        a - +5 trident (chaos)
rCold   . . .        b - +1 buckler
rNeg    . . .        (helmet restricted)
rPois   .            m - amulet of magic regeneration
rElec   .            h - +6 ring of strength
rCorr   +            X - ring of resist corrosion
SInv    +            E - +5 ring of evasion
Will    .....        V - ring of see invisible {sInv, !d}
Stlth   +++++        r - ring of Piloonage {Wiz Stlth+}
HPRegen 0.33/turn    B - +6 ring of dexterity
MPRegen 0.53/turn    A - +4 ring of protection
                     F - ring of protection from fire {rF+, !d}

%: wizardry (x1)
@: no status effects
A: almost no armour, amphibious, 8 rings, camouflage 1, gelatinous body 1,
nimble swimmer 1, tentacles
a: Renounce Religion, Potion Petition, Call Merchant, Bribe Branch


You were in a bailey.
You worshipped Gozag.
Gozag was most pleased with you.
You visited 2 branches of the dungeon, and saw 10 of its levels.
You also visited: Sewer and Bailey.

You collected 1618 gold pieces.
You paid 116 gold pieces to Gozag.

Inventory:

Hand Weapons
 a - a +5 trident of chaos (weapon)
 e - a +2 antimagic morningstar
   (You found it on level 5 of the Dungeon)
 k - a +1 short sword of flaming
   (You took it off a kobold on level 2 of the Dungeon)
 n - a +2 vampiric short sword
   (You took it off a kobold brigand on level 6 of the Dungeon)
 p - a +1 broad axe of flaming
   (You found it on level 6 of the Dungeon)
 w - a +2 falchion of draining
   (You found it on level 2 of the Dungeon)
 z - a +3 dagger of chaos
   (You took it off Psyche on level 8 of the Dungeon)
 C - a +2 whip of flaming
   (You took it off Pikel on level 8 of the Dungeon)
Missiles
 c - 27 poisoned darts
 f - 6 boomerangs
 g - a curare-tipped dart
 o - 2 javelins
 s - 122 stones
Armour
 b - a +1 buckler (worn)
 u - an orb of wrath
   (You found it on level 2 of the Dungeon)
Jewellery
 h - a +6 ring of strength (left tentacle)
   (You found it on level 1 of the Dungeon)
 m - an amulet of magic regeneration (around mantle)
   (You found it on level 3 of the Dungeon)
 r - the ring of Piloonage (on tentacle) {Wiz Stlth+}
   (You found it on level 6 of the Dungeon)

   [ring of wizardry]

   Wiz:       It improves your spell success rate.
   Stlth+:    It makes you more stealthy.
 x - a ring of magical power {MP+9}
   (You found it on level 8 of the Dungeon)
 A - a +4 ring of protection (on tentacle)
   (You found it on level 6 of the Dungeon)
 B - a +6 ring of dexterity (on tentacle)
   (You found it on level 6 of the Dungeon)
 E - a +5 ring of evasion (on tentacle)
   (You found it on level 2 of the Dungeon)
 F - a ring of protection from fire (on tentacle) {rF+, !d}
   (You found it on level 7 of the Dungeon)
 V - a ring of see invisible (on tentacle) {sInv, !d}
   (You found it on level 6 of the Dungeon)
 X - a ring of resist corrosion (right tentacle)
   (You found it on level 2 of the Dungeon)
Talismans
 d - a blade talisman
   (You found it on level 7 of the Dungeon)
Wands
 i - a wand of iceblast (13)
   (You found it on level 7 of the Dungeon)
 q - a wand of flame (21)
   (You took it off Pikel on level 8 of the Dungeon)
 y - a wand of mindburst (11)
   (You found it on level 6 of the Dungeon)
Scrolls
 v - a scroll of enchant armour
 D - a scroll of blinking {!r}
 K - 2 scrolls of immolation {!r}
 L - 2 scrolls of identify {@r1}
 Y - a scroll of teleportation {@r3}
Potions
 j - 3 potions of attraction {!q}
 t - a potion of might
 G - a potion of ambrosia {!q}
 H - 6 potions of haste
 I - a potion of heal wounds {unknown}
 J - 3 potions of curing {@q1}
 M - 2 potions of magic
 P - 2 potions of lignification {!q}
 U - 3 potions of mutation {!q}


   Skills:
 * Level 8.9 Fighting
 - Level 14.0 Polearms
 + Level 6.8 Dodging
 - Level 3.0 Shields
 + Level 1.5 Spellcasting
 + Level 1.6 Conjurations
 + Level 1.5 Ice Magic
 + Level 1.5 Air Magic


You had 8 spell levels left.
You knew the following spells:

 Your Spells              Type           Power      Damage    Failure   Level
a - Freezing Cloud        Conj/Ice/Air   2%         6-21      88%         5

Your spell library contained the following spells:

 Spells                   Type           Power      Damage    Failure   Level
 Kiss of Death            Conj/Necr      8%         2d6       11%         1
 Apportation              Tloc           0%         N/A       16%         1
 Sandblast                Erth           0%         2d4       16%         1
 Ensorcelled Hibernation  Hex/Ice        4%         N/A       16%         2
 Momentum Strike          Conj/Tloc      4%         3d8       16%         2
 Cigotuvi's Dreadful Rot  Necr/Pois/Air  2%         N/A       17%         2
 Blink                    Tloc           0%         N/A       22%         2
 Jinxbite                 Hex            0%         N/A       22%         2
 Lesser Beckoning         Tloc           0%         N/A       22%         2
 Passwall                 Tmut/Erth      0%         N/A       22%         2
 Swiftness                Air            4%         N/A       22%         3
 Stone Arrow              Conj/Erth      4%         3d7       30%         3
 Confusing Touch          Hex            0%         N/A       38%         3
 Ignite Poison            Fire/Tmut/Pois 0%         N/A       38%         3
 Volatile Blastmotes      Fire/Tloc      0%         2d10      38%         3
 Brom's Barrelling Bould  Conj/Erth      2%         2d3       67%         4
 Fulminant Prism          Conj/Hex       1%         3d5       67%         4
 Iskenderun's Mystic Bla  Conj/Tloc      2%         2d3       67%         4
 Anguish                  Hex/Necr       0%         N/A       78%         4
 Dispel Undead            Necr           0%         3d6       78%         4
 Alistair's Intoxication  Tmut/Pois      0%         N/A       98%         5


Dungeon Overview and Level Annotations

Branches:
Dungeon (9/15) Zot: 26816  Temple (1/1) D:5 Zot: 5922   Sewer (visited)
 Bailey (1/1) Zot: 5990
   Lair: D:8-11         Orc: D:9-12

Altars:
Ashenzari
Cheibriados
Dithmenos
Elyvilon
Fedhas
Gozag
Hepliaklqana
Kikubaaqudgha
Makhleb
Nemelex Xobeh
Okawaru
Qazlal
Ru
Trog
Uskayaw
Vehumet
Wu Jian
Xom
Yredelemnul
Zin
The Shining One

Shops:
D:1 [   D:7 :

Annotations:
D:4 Menkaure
D:5 2 transporters, RandomusNamus's ghost, amateur MiRe


Innate Abilities, Weirdness & Mutations

You cannot wear most types of armour.
You are amphibious.
You can wear up to eight rings at the same time.
Your skin changes colour to match your surroundings (Stealth+).
Your rubbery body absorbs attacks. (AC +1, EV +1)
You are camouflaged when in or above water. (Stealth+)
You have tentacles for arms and can constrict up to eight enemies at once.


Message History

You feel less confused.
You regained 4 hp, and now have 47/78 hp.
You can't go up here!
You climb downwards.
You hear the roar of battle.
There is an entrance to a bailey on this level.
Hurry and find it before the portal closes forever!
You hear the faint creaking of a portcullis nearby.
There is a stone staircase leading up here. 2 yaks come into view.
You reach to attack!
The helpless yak fails to defend itself.
You impale the yak!! You drain the yak.
You reach to attack!
The yak bellows! x2
You puncture the yak!
You kill the yak!
You puncture the yak!
The yak looks as sick as possible!
You squeeze the yak. The yak gores you!
You take 14 damage, and have 35/78 hp.
You are too injured to fight recklessly!
You are too injured to fight recklessly!
You are too injured to fight recklessly!
You puncture the yak!
The yak looks as sick as possible!
You puncture the yak! You freeze the yak.
You kill the yak!
The yak gores you!
* * * LOW HITPOINT WARNING * * *
You take 16 damage, and have 20/78 hp.
MASSIVE DAMAGE!!
The electric eel shoots out a bolt of lightning at you!
The bolt of electricity misses you.
MP restored: 13 You hit the yak.
The yak suddenly seems more agile.
You squeeze the yak!
The yak is distracted by your dazzling golden aura.
The yak bellows!
You hit the yak but do no damage.
The yak is no longer distracted by gold.
You squeeze the yak! You closely miss the yak. The yak misses you.
You puncture the yak!
The yak seems to grow stronger.
You puncture the yak! You freeze the yak.
You kill the yak!
You see here 18 gold pieces.
Press: ? - help, Shift-Dir - straight line, f - electric eel
Aim: an electric eel (water, 48% to hit)
The puff of flame hits the electric eel!
The electric eel is engulfed in a cloud of scalding steam.
You kill the electric eel!
You hear a splash.
Press: ? - help, Shift-Dir - straight line, f - acid dragon
Aim: an acid dragon (steam, water, 68% to hit)
The puff of flame hits the acid dragon!
The acid dragon is engulfed in a cloud of scalding steam.
Press: ? - help, Shift-Dir - straight line, f/p - acid dragon
Aim: an acid dragon (steam, heavily wounded, 68% to hit)
The puff of flame hits the acid dragon.
The acid dragon is engulfed in a cloud of scalding steam.
You start resting.
An acid dragon is nearby!
You regained 2 hp, and now have 25/78 hp.
You hit the acid dragon but do no damage.
You puncture the acid dragon!
You kill the acid dragon!
You now have 1449 gold pieces (gained 28).
You now have 1462 gold pieces (gained 13).
You now have 1479 gold pieces (gained 17).
You now have 1502 gold pieces (gained 23).
D - a scroll of blinking {!r} You enter the shallow water.
You hear the faint creaking of a portcullis very nearby.
Found a spear and a whip.
Found a flagged portal.
There is a flagged portal here.
The world spins around you as you enter the gateway.
You enter a bailey!
Found two gates leading back out of this place.
There is an empty arch of ancient stone here.
You are too injured to fight recklessly!
You are too injured to fight recklessly!
You are too injured to fight recklessly!
An orc comes into view. It is wielding a +0 spear.
There is a fountain of clear blue water here.
You enter the deep water.
A centaur comes into view. It is wielding a +0 halberd.
The centaur shouts!
The centaur throws a javelin.
The javelin pierces through you!
You take 9 damage, and have 30/78 hp.
The centaur throws a javelin.
The javelin completely misses you.
You enter the deep water.
The centaur throws a javelin.
The javelin pierces through you!
* * * LOW HITPOINT WARNING * * *
You take 13 damage, and have 18/78 hp.
The orc shouts!
You hear a shout! x2
The centaur throws a javelin.
The javelin pierces through you!
* * * LOW HITPOINT WARNING * * *
You take 9 damage, and have 9/78 hp.
The centaur throws a javelin.
The javelin closely misses you. The centaur closely misses you.
The centaur hits you with a +0 halberd!
You die...
Your body crumbles into a pile of gold.

##≈..≈≈.......≈≈≈.
##≈≈...o≈≈≈≈≈≈≈..≈≈
##≈≈...≈≈≈.....≈≈≈.≈
#≈≈⌠..≈≈..≈≈≈≈≈..≈≈o
#≈≈$.≈≈.≈≈≈...≈≈≈.≈.
#≈$..≈.≈≈..⌠.⌠..≈.≈≈
#≈...≈.....∩∩∩..≈...
#≈$.c≈.≈≈..⌠.⌠..≈o≈≈
#≈≈$.@≈.≈≈≈...≈≈≈.≈.
#≈≈⌠..≈≈..≈≈≈≈≈..≈≈o
##≈≈...≈≈≈.....≈≈≈.≈
##≈≈....≈≈≈≈≈≈≈..≈≈
##≈..≈≈.......≈≈≈.
#≈...≈≈≈≈≈≈≈≈≈...
#≈.......o....##
####+##########


You could see a centaur and 2 orcs.

Vanquished Creatures
  A two-headed ogre (D:9)
  Pikel (D:8)
  Psyche (D:8)
  A merfolk (shapeshifter) (D:8)
  3 polar bears (D:8)
  A hornet (D:7)
  Grinder (D:5)
  A wraith (D:6)
  A steam dragon (D:8)
  12 yaks
  Eustachio (D:6)
  2 unseen horror simulacra (D:8)
  2 vampire mosquitoes
  2 acid dragons
  2 water moccasins (D:6)
  Duvessa (D:5)
  6 ice beasts
  2 black bears (D:6)
  3 sky beasts
  An ogre (D:6)
  A centaur (D:8)
  2 wolves
  A lemure (D:7)
  2 phantoms (D:6)
  4 kobold brigands
  Blork the orc (D:5)
  6 bullfrogs
  A gnoll sergeant (D:9)
  5 scorpions
  5 wights (D:8)
  Dowan (D:5)
  4 killer bees (D:7)
  A howler monkey (D:4)
  An electric eel (D:9)
  3 hounds
  3 jellies
  3 orc priests
  5 sleepcaps
  8 orc wizards
  2 centaur simulacra (D:8)
  A killer bee simulacrum (D:8)
  6 gnolls
  15 adders
  2 river rats (Sewer)
  2 shadow imps (D:5)
  2 white imps
  A howler monkey simulacrum (D:8)
  3 ufetubi
  4 worms
  4 dart slugs
  26 orcs
  7 ball pythons
  2 bats (D:2)
  12 endoplasms
  4 giant cockroaches
  4 goblins
  2 hobgoblins
  4 jackals (D:4)
  3 quokkas
  3 frilled lizards
  19 kobolds
  9 rats
239 creatures vanquished.

Vanquished Creatures (others)
  An orc (D:8)
1 creature vanquished.

Grand Total: 240 creatures vanquished

Notes
Turn   | Place    | Note
-------+----------+-------------------------------------------
     0 | D:1      | sokol815 the Octopode Fighter began the quest for the Orb.
     0 | D:1      | Reached XP level 1. HP: 16/16 MP: 1/1
   357 | D:1      | Reached XP level 2. HP: 15/21 MP: 2/2
   460 | D:1      | Reached skill level 3 in Polearms
   571 | D:1      | Found Paedoc's Antique Armour Shoppe.
   697 | D:1      | Found a faded altar of an unknown god.
   727 | D:2      | Reached XP level 3. HP: 26/26 MP: 3/3
   970 | D:2      | You fall into a shaft and drop 1 floor!
   973 | D:3      | Found an ornate altar of the Wu Jian Council.
   984 | D:3      | Found a glowing drain.
  1009 | D:3      | Reached skill level 4 in Polearms
  1009 | D:3      | Reached XP level 4. HP: 20/31 MP: 4/4
  1019 | Sewer    | Entered a sewer
  1499 | Sewer    | Noticed a kobold brigand
  1507 | Sewer    | Killed a kobold brigand
  1508 | Sewer    | Reached skill level 5 in Polearms
  1508 | Sewer    | Reached XP level 5. HP: 29/36 MP: 5/5
  1844 | D:3      | Reached skill level 6 in Polearms
  2018 | D:3      | Reached XP level 6. HP: 42/42 MP: 6/6
  3080 | D:4      | Reached skill level 7 in Polearms
  3203 | D:4      | Noticed Menkaure
  3220 | D:4      | Reached XP level 7. HP: 42/46 MP: 7/7
  3951 | D:5      | Entered Level 5 of the Dungeon
  4219 | D:5      | Noticed Duvessa
  4220 | D:5      | Noticed Dowan
  4232 | D:5      | Killed Duvessa
  4233 | D:5      | Reached skill level 8 in Polearms
  4239 | D:5      | Killed Dowan
  4267 | D:5      | Found a staircase to the Ecumenical Temple.
  4285 | Temple   | Entered the Ecumenical Temple
  4324 | Temple   | Became a worshipper of Gozag Ym Sagoz the Greedy
  4749 | D:5      | Noticed RandomusNamus's ghost (amateur MiRe)
  4750 | D:5      | Found a transporter.
  4755 | D:5      | Found a transporter.
  4842 | D:5      | Noticed Blork the orc
  4849 | D:5      | Killed Blork the orc
  4850 | D:5      | Reached skill level 9 in Polearms
  4850 | D:5      | Reached XP level 8. HP: 52/52 MP: 8/8
  4874 | D:5      | Noticed Grinder
  4885 | D:5      | Killed Grinder
  5392 | D:6      | Reached skill level 10 in Polearms
  5624 | D:6      | Reached skill level 11 in Polearms
  5629 | D:6      | Reached XP level 9. HP: 52/56 MP: 9/9
  5864 | D:6      | Reached skill level 12 in Polearms
  5889 | D:6      | Noticed Eustachio
  5894 | D:6      | Killed Eustachio
  6063 | D:6      | Reached skill level 13 in Polearms
  6076 | D:6      | Identified the ring of Piloonage {Wiz Stlth+}
  6585 | D:7      | Noticed a hornet
  6591 | D:7      | Reached XP level 10. HP: 59/63 MP: 10/10
  6598 | D:7      | Reached skill level 14 in Polearms
  6696 | D:7      | Found Paedyc's Book Emporium.
  7151 | D:7      | Reached skill level 4 in Fighting
  7254 | D:7      | Reached skill level 4 in Dodging
  7379 | D:8      | Reached skill level 5 in Fighting
  7400 | D:8      | Noticed Psyche
  7407 | D:8      | Killed Psyche
  7628 | D:7      | Reached skill level 6 in Fighting
  7632 | D:7      | Reached skill level 5 in Dodging
  7883 | D:8      | Noticed Pikel
  7892 | D:8      | Killed Pikel
  7893 | D:8      | Reached skill level 7 in Fighting
  8069 | D:8      | Reached XP level 11. HP: 75/75 MP: 11/11
  8079 | D:8      | an acid dragon changed into a glowing shapeshifter
  8079 | D:8      | Noticed a glowing shapeshifter (glowing shapeshifter)
  8079 | D:8      | a glowing shapeshifter changed into a merfolk
  8083 | D:8      | Reached skill level 6 in Dodging
  8089 | D:8      | Reached skill level 8 in Fighting
  8368 | D:8      | Learned a level 5 spell: Freezing Cloud
  8627 | D:9      | Noticed a two-headed ogre
  8635 | D:9      | Killed a two-headed ogre
  8636 | D:9      | Reached skill level 1 in Spellcasting
  8636 | D:9      | Reached skill level 1 in Conjurations
  8636 | D:9      | Reached skill level 1 in Ice Magic
  8636 | D:9      | Reached skill level 1 in Air Magic
  8657 | D:9      | HP: 1/78 [enormous slime creature (77)]
  8756 | D:9      | Found a flagged portal.
  8765 | Bailey   | Entered a bailey
  8771 | Bailey   | HP: 18/78 [centaur/javelin (13)]
  8774 | Bailey   | Slain by a centaur

Illustrated notes

Levels and vault maps discovered:
D:1:      roderic_chinese_lattice_arrival, layout_loops_ring,
          chequers_ecumenical_altar_grove, serial_shops, nicolae_shop_tiny_glass
D:2:      layout_basic
D:3:      layout_loops_corners, mainiacjoe_overflow_brackets,
          gup_sewer_entry_glass, minmay_pentomino_pile
D:4:      layout_basic, uniq_menkaure
D:5:      minmay_general_purpose_star, layout_loops_corners,
          minmay_temple_entry_statues_fountains, gammafunk_ghost_smash,
          uniq_grinder, uniq_duvessa, uniq_blork_the_orc
D:6:      layout_loops_corners, minmay_misc_feat_columns, minmay_joined_circles,
          uniq_eustachio
D:7:      layout_cave_pools, serial_shops, nicolae_book_shop_shelving,
          nicolae_concentric_dashed_squares_wild
D:8:      kennysheep_ambush_hall, layout_cave_pools, serial_ice, serial_ice_h,
          serial_ice_l, serial_ice_b, serial_ice_e, serial_ice_g, serial_ice_d,
          serial_ice_c, serial_ice_o, uniq_pikel, uniq_psyche
D:9:      layout_loops_ring, lemuel_tele_altar, enter_bailey_2,
          fungi_pond_lemuel, columned_hall_lemuel, nicolae_shop_fire_sale
          [nicolae_sub_dead_trees], minivault_13, uniq_prince_ribbit1
Temple:   mainiacjoe_temple_big_plus
Bailey:   bailey_polearm_flooded_kennysheep, bailey

Skill      XL: |  1  2  3  4  5  6  7  8  9 10 11 |
---------------+----------------------------------+-----
Polearms       | 3 4 5 6 7 9 11 13 14 | 14.0
Fighting       | 7 8 |  8.9
Dodging        | 5 6 |  6.8
Spellcasting   | 1 |  1.5
Conjurations   | 1 |  1.6
Ice Magic      | 1 |  1.5
Air Magic      | 1 |  1.5
Shields        | |  3.0

Action                     |  1- 3 |  4- 6 |  7- 9 | 10-12 || total
---------------------------+-------+-------+-------+-------++-------
  Melee: Trident           |    41 |   139 |   205 |   231 ||   616
         Constrict         |     8 |    19 |    29 |    26 ||    82
         Tentacles         |     4 |    15 |    24 |    61 ||   104
         Punch             |       |       |     3 |     3 ||     6
  Evoke: Wand              |       |       |       |     3 ||     3
    Use: Scroll            |     4 |     4 |    17 |     3 ||    28
         Potion            |       |       |       |     1 ||     1
   Stab: Sleeping          |     4 |    17 |    14 |     5 ||    40
         Distracted        |       |     1 |     2 |     1 ||     4
 Armour: Skin              |     9 |    19 |    39 |    58 ||   125
  Dodge: Dodged            |    20 |    39 |    63 |    92 ||   214
  Block: Buckler           |     5 |    10 |    22 |    40 ||    77

Table legend: (Time is in decaauts)
 A = Elapsed time spent in this place.
 B = Non-inter-level travel time spent in this place.
 C = Inter-level travel time spent in this place.
 D = Time resting spent in this place.
 E = Time spent auto-exploring this place.
 F = Levels seen in this place.
 G = Mean time per level.
                   A        B        C        D        E       F      G
               +--------+--------+--------+--------+--------+-----+--------+
         Total |   8668 |   8334 |    334 |    440 |   6431 |  12 |  722.3 |
       Dungeon |   7899 |   7641 |    258 |    401 |   5977 |   9 |  877.7 |
        Temple |     77 |      1 |     76 |      0 |      0 |   1 |   77.0 |
         Sewer |    682 |    682 |      0 |     39 |    454 |   1 |  682.0 |
        Bailey |      8 |      8 |      0 |      0 |      0 |   1 |    8.0 |
               +--------+--------+--------+--------+--------+-----+--------+

Top non-repeatable levels by time:
     D:6: 1260 daAuts
     D:5: 1224 daAuts
     D:8: 1042 daAuts
     D:4: 1020 daAuts
     D:7: 948 daAuts
     D:3: 866 daAuts
     D:1: 725 daAuts
   Sewer: 682 daAuts
     D:2: 664 daAuts
     D:9: 146 daAuts
  Temple: 77 daAuts
  Bailey: 8 daAuts

Levels and vault maps discovered:
D:1:      roderic_chinese_lattice_arrival, layout_loops_ring,
          chequers_ecumenical_altar_grove, serial_shops, nicolae_shop_tiny_glass
D:2:      layout_basic
D:3:      layout_loops_corners, mainiacjoe_overflow_brackets,
          gup_sewer_entry_glass, minmay_pentomino_pile
D:4:      layout_basic, uniq_menkaure
D:5:      minmay_general_purpose_star, layout_loops_corners,
          minmay_temple_entry_statues_fountains, gammafunk_ghost_smash,
          uniq_grinder, uniq_duvessa, uniq_blork_the_orc
D:6:      layout_loops_corners, minmay_misc_feat_columns, minmay_joined_circles,
          uniq_eustachio
D:7:      layout_cave_pools, serial_shops, nicolae_book_shop_shelving,
          nicolae_concentric_dashed_squares_wild
D:8:      kennysheep_ambush_hall, layout_cave_pools, serial_ice, serial_ice_h,
          serial_ice_l, serial_ice_b, serial_ice_e, serial_ice_g, serial_ice_d,
          serial_ice_c, serial_ice_o, uniq_pikel, uniq_psyche
D:9:      layout_loops_ring, lemuel_tele_altar, enter_bailey_2,
          fungi_pond_lemuel, columned_hall_lemuel, nicolae_shop_fire_sale
          [nicolae_sub_dead_trees], minivault_13, uniq_prince_ribbit1
Temple:   mainiacjoe_temple_big_plus
Bailey:   bailey_polearm_flooded_kennysheep, bailey

Table legend: (Time is in decaauts)
 A = Elapsed time spent in this place.
 B = Non-inter-level travel time spent in this place.
 C = Inter-level travel time spent in this place.
 D = Time resting spent in this place.
 E = Time spent auto-exploring this place.
 F = Levels seen in this place.
 G = Mean time per level.
                   A        B        C        D        E       F      G
               +--------+--------+--------+--------+--------+-----+--------+
         Total |   8668 |   8334 |    334 |    440 |   6431 |  12 |  722.3 |
       Dungeon |   7899 |   7641 |    258 |    401 |   5977 |   9 |  877.7 |
        Temple |     77 |      1 |     76 |      0 |      0 |   1 |   77.0 |
         Sewer |    682 |    682 |      0 |     39 |    454 |   1 |  682.0 |
        Bailey |      8 |      8 |      0 |      0 |      0 |   1 |    8.0 |
               +--------+--------+--------+--------+--------+-----+--------+

Top non-repeatable levels by time:
     D:6: 1260 daAuts
     D:5: 1224 daAuts
     D:8: 1042 daAuts
     D:4: 1020 daAuts
     D:7: 948 daAuts
     D:3: 866 daAuts
     D:1: 725 daAuts
   Sewer: 682 daAuts
     D:2: 664 daAuts
     D:9: 146 daAuts
  Temple: 77 daAuts
  Bailey: 8 daAuts

Table legend:
 A = Kills in this place as a percentage of kills in the entire game.
 B = Kills by you in this place as a percentage of kills by you in the entire game.
 C = Kills by friends in this place as a percentage of kills by friends in the entire game.
 D = Other kills in this place as a percentage of other kills in the entire game.
 E = Experience gained in this place as a percentage of experience gained in the entire game.
 F = Experience gained in this place divided by the number of levels of this place that you have seen.
                   A       B       C       D       E      F
               +-------+-------+-------+-------+-------+----------------------
         Total | 100.0 | 100.0 |   N/A |   N/A | 100.0 | 1160.9
       Dungeon |  88.2 |  88.2 |   N/A |   N/A |  98.5 | 1525.2
         Sewer |  11.8 |  11.8 |   N/A |   N/A |   1.5 | 204.0
               +-------+-------+-------+-------+-------+----------------------
